 Dungeon Crawl Stone Soup version 0.32-a0-433-g08bcfe7efd (webtiles) character file.

Game seed: 8630981783629273019

18 Dittersdorf the Covered (level 2, -4/19 HPs)
             Began as a Gargoyle Fighter on Feb 22, 2024.
             Slain by a gnoll
             ... wielding a +0 halberd
              (8 damage)
             ... on level 2 of the Dungeon.
             The game lasted 00:00:33 (911 turns).

Dittersdorf the Covered (Gargoyle Fighter)           Turns: 911, Time: 00:00:33

Health: -4/19      AC:  9    Str: 19    XL:     2   Next: 70%
Magic:  2/2        EV:  9    Int:  8    God:
Gold:   57         SH:  4    Dex:  9    Spells: 1/1 levels left

rFire   . . .        a - +0 flail
rCold   . . .        c - +0 buckler
rNeg    + . .        b - +0 scale mail
rPois   ∞            (no helmet)
rElec   +            (no cloak)
rCorr   .            (no gloves)
SInv    .            (no boots)
Will    .....        (no amulet) Stlth
                     (no ring)
HPRegen 0.23/turn    (no ring)
MPRegen 0.08/turn

%: no passive effects
@: no status effects
A: sickness immunity, AC +2, negative energy resistance 1, electricity
resistance, torment resistance 1, petrification resistance
a: no special abilities


You were on level 2 of the Dungeon.
You visited 1 branch of the dungeon, and saw 2 of its levels.

You collected 57 gold pieces.

Inventory:

Hand Weapons
 a - a +0 flail (weapon)
Missiles
 g - 3 curare-tipped darts (quivered)
Armour
 b - a +0 scale mail (worn)
 c - a +0 buckler (worn)
 f - a +0 tower shield
Jewellery
 h - a +6 ring of intelligence
Scrolls
 e - a scroll of enchant weapon {unknown}
 i - a scroll of immolation {unknown}
Potions
 d - a potion of might


   Skills:
 + Level 3.5 Fighting
 + Level 2.3 Maces & Flails
 + Level 3.6 Armour
 + Level 3.5 Shields


You had one spell level left.
You didn't know any spells.
Your spell library contained the following spells:

 Spells                   Type           Power      Damage    Failure   Level
 Ensorcelled Hibernation  Hex/Ice        0%         N/A       94%         2
 Passwall                 Erth           0%         N/A       99%         3
 Swiftness                Air            0%         N/A       99%         3


Dungeon Overview and Level Annotations

Branches:
Dungeon (2/15)

Altars:


Innate Abilities, Weirdness & Mutations

You are immune to sickness and miasma.
Your stone body is resilient. (AC +2)
You are immune to poison.
You resist negative energy. (rN+)
You are resistant to electric shocks. (rElec)
You are resistant to unholy torment.
You are immune to petrification.


Message History

No target in view!
No target in view!
No target in view!
No target in view!
No target in view!
No target in view!
No target in view!
No target in view!
You now have 57 gold pieces (gained 5).
You open the door.
There is an open door here.
A hobgoblin comes into view.
The hobgoblin shouts!
A hobgoblin is nearby!
A hobgoblin is nearby!
You completely miss the hobgoblin. The hobgoblin barely misses you.
You completely miss the hobgoblin.
The hobgoblin hits you but does no damage.
A goblin comes into view. It is wielding a +0 club.
The goblin shouts!
You sock the hobgoblin!
You kill the hobgoblin!
A gnoll comes into view.
It is wielding a +0 halberd. 2 gnolls come into view.
The gnoll shouts! x2
You thump the goblin!
You kill the goblin!
You see here a +0 club.
Found a scroll labelled RASUB CAIGHE.
The gnoll barely misses you.
You closely miss the gnoll. The gnoll barely misses you.
You sock the gnoll!
The gnoll is severely wounded.
The gnoll closely misses you. x2
The gnoll hits you from afar with a +0 halberd!
You hit the gnoll.
The gnoll is almost dead.
The gnoll barely misses you. The gnoll hits you with a +0 club!
* * * LOW HITPOINT WARNING * * *
The gnoll hits you from afar with a +0 halberd!
You die...

#.#..#... #.# #........
#.########......
##............#..
.................
#............#.. #.##
#.#####.........
#...g###.#...'.........
#.g@)...###.....####
#.g......##.....#
#.#####..##.....# #'
#...####### ? #.#..# ..
#.##.# .. #.. ... ...
### .##


You could see 3 gnolls.

Vanquished Creatures
  A dart slug (D:2)
  A ball python (D:1)
  2 giant cockroaches (D:1)
  2 goblins
  A hobgoblin (D:2)
  A quokka (D:1)
  3 bats
  2 frilled lizards (D:1)
  4 rats (D:1)
17 creatures vanquished.

Notes
Turn   | Place    | Note
-------+----------+-------------------------------------------
     0 | D:1      | Dittersdorf the Gargoyle Fighter began the quest for the
                  | Orb.
     0 | D:1      | Reached XP level 1. HP: 14/14 MP: 1/1
   262 | D:1      | Reached XP level 2. HP: 19/19 MP: 2/2
   911 | D:2      | Slain by a gnoll

Illustrated notes

Levels and vault maps discovered:
D:1:      dpeg_arrival_snail, layout_basic
D:2:      layout_basic, hangedman_decor_slide_cut, uniq_jessica

Action                     || total
---------------------------++-------
  Melee: Flail             ||    87
 Armour: Scale mail        ||    72
  Dodge: Dodged            ||    50
  Block: Buckler           ||    17

Table legend: (Time is in decaauts)
 A = Elapsed time spent in this place.
 B = Non-inter-level travel time spent in this place.
 C = Inter-level travel time spent in this place.
 D = Time resting spent in this place.
 E = Time spent auto-exploring this place.
 F = Levels seen in this place.
 G = Mean time per level.
                   A        B        C        D        E       F      G
               +--------+--------+--------+--------+--------+-----+--------+
         Total |    939 |    901 |     38 |      0 |    701 |   2 |  469.5 |
       Dungeon |    939 |    901 |     38 |      0 |    701 |   2 |  469.5 |
               +--------+--------+--------+--------+--------+-----+--------+

Top non-repeatable levels by time:
     D:1: 869 daAuts
     D:2: 69 daAuts
